 Dungeon Crawl Stone Soup version 0.32-a0-43-g058985b245 (webtiles) character file.

Game seed: 825771634634957354

392 Atlas the Firebug (level 6, -1/42 HPs)
             Began as a Demonspawn Fire Elementalist on Feb 5, 2024.
             Slain by a wyvern (11 damage)
             ... on level 5 of the Dungeon.
             The game lasted 00:04:09 (3695 turns).

Atlas the Firebug (Demonspawn Fire Elementalist)    Turns: 3695, Time: 00:04:10

Health: -1/42      AC:  9    Str:  8    XL:     6   Next: 50%
Magic:  4/12       EV: 10    Int: 17    God:
Gold:   254        SH:  0    Dex: 16    Spells: 10/13 levels left

rFire   . . .        l - +0 short sword (freeze)
rCold   . . .        (no shield)
rNeg    . . .        f - +3 ring mail "Xuvog" {Will+}
rPois   .            (helmet restricted)
rElec   .            (no cloak)
rCorr   .            (no gloves)
SInv    .            j - +0 pair of boots
Will    +....        m - amulet of magic regeneration
Stlth   ++           (no ring)
HPRegen 0.27/turn    (no ring)
MPRegen 0.66/turn

%: no passive effects
@: very slightly contaminated
A: antennae 1, thin skeletal structure 1, magic regeneration
a: no special abilities


You were on level 5 of the Dungeon.
You visited 1 branch of the dungeon, and saw 5 of its levels.

You collected 254 gold pieces.

Inventory:

Hand Weapons
 l - a +0 short sword of freezing (weapon)
Armour
 e - a +0 leather armour
 f - the +3 ring mail "Xuvog" (worn) {Will+}
   (You found it on level 5 of the Dungeon)

   Will+:     It increases your willpower.
 j - a +0 pair of boots (worn)
 n - +0 swamp dragon scales
 u - a +1 cloak
Jewellery
 m - an amulet of magic regeneration (around neck)
Wands
 k - a wand of polymorph (5)
Scrolls
 a - 2 scrolls of fear {unknown}
 d - 4 scrolls of teleportation {unknown}
 g - 2 scrolls of summoning {unknown}
 h - 2 scrolls of amnesia {unknown}
 p - a scroll of enchant weapon {unknown}
 q - a scroll of torment {unknown}
 r - a scroll of identify {unknown}
 s - a scroll of immolation {unknown}
 t - a scroll of enchant armour {unknown}
Potions
 b - 2 potions of magic
 c - a potion of enlightenment {unknown}
 i - 3 potions of curing {unknown}
 o - a potion of lignification {unknown}


   Skills:
 + Level 0.3 Fighting
 + Level 0.1 Short Blades
 + Level 0.2 Armour
 + Level 2.0 Dodging
 - Level 2.0 Stealth
 + Level 0.7 Unarmed Combat
 + Level 4.1 Spellcasting
 + Level 2.8 Conjurations
 + Level 4.5 Fire Magic


You had 10 spell levels left.
You knew the following spells:

 Your Spells              Type           Power      Damage    Failure   Level
a - Scorch                Fire           36%        2d6       12%         2
b - Foxfire               Conj/Fire      64%        2x1d7     11%         1

Your spell library contained the following spells:

 Spells                   Type           Power      Damage    Failure   Level
 Magic Dart               Conj           52%        1d5       16%         1
 Momentum Strike          Conj/Tloc      16%        3d8       38%         2
 Slow                     Hex            12%        N/A       43%         1
 Inner Flame              Hex/Fire       11%        N/A       50%         3
 Volatile Blastmotes      Fire/Tloc      22%        2d11      50%         3
 Blink                    Tloc           6%         N/A       58%         2
 Call Imp                 Summ           6%         N/A       58%         2
 Ensorcelled Hibernation  Hex/Ice        6%         N/A       58%         2
 Lesser Beckoning         Tloc           6%         N/A       58%         2
 Flame Wave               Conj/Fire      16%        2d7       71%         4
 Confusing Touch          Hex            3%         N/A       82%         3
 Passwall                 Erth           3%         N/A       82%         3
 Sigil of Binding         Hex            3%         N/A       82%         3
 Swiftness                Air            3%         N/A       82%         3
 Vampiric Draining        Necr           3%         2d6       82%         3
 Irradiate                Conj/Alch      4%         3d13      100%        5
 Ignition                 Fire           9%         3d5       100%        8


Dungeon Overview and Level Annotations

Branches:
Dungeon (5/15)
 Temple: D:4-7

Altars:
Gozag
Qazlal


Innate Abilities, Weirdness & Mutations

You have a pair of small antennae on your head.
You have a somewhat thin skeletal structure. (Dex +2, Stealth+)
You regenerate magic rapidly.


Message History

Flames lash the quokka.
You kill the quokka!
Casting: Scorch (safe; 12% risk of failure)
Confirm with . or Enter, or press ? or * to list all spells.
You can't see any susceptible monsters within range! (Use Z to cast anyway.)
u - a +1 cloak You stop putting on your armour.
Casting: Scorch (safe; 12% risk of failure)
Confirm with . or Enter, or press ? or * to list all spells.
Flames lash the wyvern.
The wyvern is lightly wounded.
The wyvern's fire resistance burns away.
The wyvern bites you but does no damage.
Unknown command.
You miscast Foxfire.
Nothing appears to happen.
The wyvern completely misses you. The wyvern barely misses you.
Casting: Foxfire (safe; 11% risk of failure)
Confirm with . or Enter, or press ? or * to list all spells.
Flames lash the wyvern but do no damage.
The wyvern bites you but does no damage.
Casting: Scorch (safe; 12% risk of failure)
Confirm with . or Enter, or press ? or * to list all spells.
You miscast Foxfire.
Nothing appears to happen.
The wyvern is no longer more vulnerable to fire.
The wyvern bites you! x2
Casting: Foxfire (safe; 11% risk of failure)
Confirm with . or Enter, or press ? or * to list all spells.
You conjure some foxfire!
The wyvern bites you!
* * * LOW HITPOINT WARNING * * *
Casting: Foxfire (safe; 11% risk of failure)
Confirm with . or Enter, or press ? or * to list all spells.
Flames lash the wyvern.
The wyvern is moderately wounded.
The wyvern's fire resistance burns away.
The foxfire hits the wyvern!
The wyvern is burned terribly!
The wyvern is heavily wounded.
The foxfire hits the wyvern but does no damage.
The wyvern is heavily wounded.
The wyvern completely misses you. The wyvern bites you!
You die...

#...#####.. ..
.#.#.........#. #.
.....#...#....#
##.##...##...##....
...#...#.........#
#.......#.......#
#,###.....##....†<..
#.#.#.....#.......##
#.k@§.......#..####
##.#.##....##..#
#.#.##....#...##
#...##.........#
######...#...###
#....##.....#
##...##...###
#######..# ####


You could see a wyvern (combustible).

Vanquished Creatures
  An ice beast (D:4)
  A jelly (D:4)
  4 iguanas
  Robin (D:4)
  7 adders
  A white imp (D:5)
  3 dart slugs
  2 orcs (D:4)
  7 endoplasms
  2 giant cockroaches
  18 goblins
  12 hobgoblins
  2 jackals (D:3)
  3 quokkas
  10 ball pythons
  A frilled lizard (D:3)
  5 kobolds
  3 rats
83 creatures vanquished.

Vanquished Creatures (others)
  213 foxfires
213 creatures vanquished.

Grand Total: 296 creatures vanquished

Notes
Turn   | Place    | Note
-------+----------+-------------------------------------------
     0 | D:1      | Atlas the Demonspawn Fire Elementalist began the quest for
                  | the Orb.
     0 | D:1      | Reached XP level 1. HP: 13/13 MP: 3/3
    77 | D:1      | Found a faded altar of an unknown god.
   608 | D:1      | Gained mutation: You regenerate magic rapidly. [demonic
                  | ancestry]
   608 | D:1      | Reached XP level 2. HP: 19/19 MP: 0/5
   654 | D:1      | Learned a level 2 spell: Scorch
  1280 | D:2      | Reached XP level 3. HP: 20/24 MP: 1/6
  1950 | D:3      | Gained mutation: You have a somewhat thin skeletal
                  | structure. (Dex +2, Stealth+) [demonic ancestry]
  1950 | D:3      | Reached XP level 4. HP: 24/30 MP: 1/8
  2695 | D:3      | Found an opulent altar of Gozag.
  2936 | D:4      | Reached XP level 5. HP: 35/35 MP: 3/10
  3096 | D:4      | Noticed Robin
  3100 | D:4      | Killed Robin
  3250 | D:4      | Found a stormy altar of Qazlal.
  3461 | D:4      | Noticed an ice beast
  3468 | D:4      | Killed an ice beast
  3469 | D:4      | Gained mutation: You have a pair of small antennae on your
                  | head. [demonic ancestry]
  3469 | D:4      | Reached XP level 6. HP: 41/41 MP: 4/12
  3565 | D:5      | Entered Level 5 of the Dungeon
  3662 | D:5      | Identified the +3 ring mail "Xuvog" {Will+}
  3689 | D:5      | Noticed a wyvern
  3695 | D:5      | Slain by a wyvern

Illustrated notes

Levels and vault maps discovered:
D:1:      dpeg_arrival_simpleton_a, layout_loops_ring,
          shapermc_ecumenical_altar_pompeii
D:2:      minmay_inner_zag, layout_loops_ring
D:3:      layout_loops_ring, mainiacjoe_overflow_surrounded_room,
          minmay_misc_feat_columns, grunt_decor_cap, glass_columns_c,
          wad_floor_pattern_untrapped, minmay_splitting_lines
D:4:      layout_cave_pools, nicolae_qazlal_eye_of_the_storm, uniq_robin
D:5:      layout_cave_pools, grunt_ashenzari_visionary
          [grunt_ashenzari_visionary_shoals, grunt_ashenzari_visionary_spider],
          nicolae_zig_zag_zippers, uniq_crazy_yiuf_cottage, uniq_edmund,
          uniq_eustachio

Skill      XL: |  1  2  3  4  5 |
---------------+----------------+-----
Fire Magic     | 3 4 |  4.5
Dodging        | 2 |  2.0
Spellcasting   | 3 4 |  4.1
Conjurations   | 2 |  2.8
Stealth        | 2 |  2.0
Fighting       | |  0.3
Short Blades   | |  0.1
Armour         | |  0.2
Unarmed Combat | |  0.7

Action                     |  1- 3 |  4- 6 || total
---------------------------+-------+-------++-------
  Melee: Unarmed           |    27 |       ||    27
         Short sword       |     7 |     2 ||     9
   Cast: Foxfire           |    49 |    81 ||   130
         Scorch            |    18 |    36 ||    54
 Armour: Robe              |    13 |       ||    13
         Leather armour    |    13 |     3 ||    16
         Swamp dragon scal |       |    20 ||    20
         Ring mail         |       |     6 ||     6
  Dodge: Dodged            |    24 |    14 ||    38

Table legend: (Time is in decaauts)
 A = Elapsed time spent in this place.
 B = Non-inter-level travel time spent in this place.
 C = Inter-level travel time spent in this place.
 D = Time resting spent in this place.
 E = Time spent auto-exploring this place.
 F = Levels seen in this place.
 G = Mean time per level.
                   A        B        C        D        E       F      G
               +--------+--------+--------+--------+--------+-----+--------+
         Total |   3694 |   3554 |    140 |      0 |   3020 |   5 |  738.8 |
       Dungeon |   3694 |   3554 |    140 |      0 |   3020 |   5 |  738.8 |
               +--------+--------+--------+--------+--------+-----+--------+

Top non-repeatable levels by time:
     D:3: 1008 daAuts
     D:2: 1004 daAuts
     D:1: 918 daAuts
     D:4: 633 daAuts
     D:5: 129 daAuts
